 Dungeon Crawl Stone Soup version 0.27-a0-1232-gc6a4cbde82 (webtiles) character file.

Game seed: 5121803912461780964

487 robertstho the Magician (level 7, -5/46 HPs)
             Began as a Djinni Fire Elementalist on June 8, 2021.
             Was an Elder of Jiyva.
             Slain by an orc warrior
             ... wielding a +0 short sword
              (12 damage)
             ... on level 6 of the Dungeon.
             The game lasted 00:06:16 (5698 turns).

robertstho the Magician (Djinni Fire Elementalist)  Turns: 5698, Time: 00:06:17

Health: -5/46      AC:  6    Str:  9    XL:     7   Next: 36%
Gold:   68         EV: 13    Int: 16    God:    Jiyva [****..] SH:  0 Dex: 14

rFire    + + .     SeeInvis .   k - +1 dagger (venom)
rCold    x . .     Faith    .   (no shield)
rNeg     . . .     Spirit   .   a - +0 robe
rPois    ∞         Reflect  .   (no helmet)
rElec    +         Harm     .   (no cloak)
rCorr    +         Rampage  .   (no gloves)
Will     .....                  (boots unavailable)
Stlth    +++.......             (no amulet)
HPRegen  0.15/turn              b - +4 ring of protection
MPRegen  0.00/turn              (no ring)

@: mighty, flying
A: sickness immunity, fire resistance 2, cold vulnerability 1, float, innate
caster, hp casting, extra vitality 1, electricity resistance, translucent skin 1
a: Renounce Religion, Request Jelly, Slimify


You were on level 6 of the Dungeon.
You worshipped Jiyva.
Jiyva was greatly pleased with you.
You visited 2 branches of the dungeon, and saw 7 of its levels.

You collected 68 gold pieces.

Inventory:

Hand Weapons
 e - a +2 short sword of holy wrath
 k - a +1 dagger of venom (weapon)
Armour
 a - a +0 robe (worn)
Jewellery
 b - a +4 ring of protection (left hand)
Wands
 j - a wand of acid (11)
Scrolls
 g - a scroll of teleportation
Potions
 l - a potion of degeneration {unknown}


   Skills:
 + Level 0.7 Fighting
 + Level 3.9 Dodging
 + Level 3.0 Stealth
 * Level 5.0 Spellcasting


You couldn't memorise any spells.
You knew the following spells:

 Your Spells              Type           Power      Damage    Failure   Level
a - Foxfire               Conj/Fire      80%        2x1d8     1%          1
b - Conjure Flame         Conj/Fire      20%        6-21      6%          3
c - Inner Flame           Hex/Fire       20%        N/A       6%          3
d - Sticky Flame          Conj/Fire      20%        2d4       19%         4
e - Fireball              Conj/Fire      10%        3d6       47%         5
f - Corona                Hex            22%        N/A       1%          1
g - Poisonous Vapours     Pois/Air       40%        N/A       3%          2
h - Wereblood             Tmut           20%        N/A       3%          2
Your spell library was empty.

Dungeon Overview and Level Annotations

Branches:
Dungeon (6/15)             Temple (1/1) D:4

Altars:
Cheibriados
Dithmenos
Elyvilon
Gozag
Hepliaklqana
Kikubaaqudgha
Makhleb
Sif Muna
Trog
Uskayaw
Vehumet
Zin
Jiyva

Shops:
D:5 (


Innate Abilities, Weirdness & Mutations

You are immune to sickness and miasma.
You are immune to poison.
Your flesh is very heat resistant. (rF++)
You are vulnerable to cold. (rC-)
You float through the air rather than walking.
You learn spells naturally, not from books.
Your magical power is your life essence.
You have superior vitality. (+4 HP)
You are resistant to electric shocks. (rElec)
Your translucent skin slightly reduces your foes' accuracy. (Stealth+)


Message History

Casting: Foxfire (safe; 1% risk of failure)
Press: ? - help, Q - select action, (/) - cycle Dir - look around, f - activate You conjure some foxfire!
The foxfire hits the hornet.
The hornet is lightly wounded.
The foxfire hits the orc warrior but does no damage.
The orc warrior is lightly wounded.
The hornet misses you. The orc warrior closely misses you.
Casting: Foxfire (safe; 1% risk of failure)
Confirm with . or Enter, or press ? or * to list all spells.
The spell is quite dangerous to cast (19% risk of failure)!
Continue anyway?
Aiming: Sticky Flame (quite dangerous; 19% risk of failure)
Press: ? - help, Shift-Dir - straight line, f - orc warrior
Aim: an orc warrior, wielding a +0 short sword and wearing a +0 plate armour (lightly wounded, ally target, 100% to hit)
You miscast Sticky Flame.
You are very lightly contaminated with residual magic.
Nothing appears to happen.
The foxfire hits the orc warrior but does no damage.
The orc warrior is lightly wounded.
The foxfire hits the hornet.
The hornet is moderately wounded.
The hornet stings you but does no damage.
You hear a distant slurping noise.
You hear a squelching noise.
The hornet barely misses you.
The orc warrior hits you with a +0 short sword!
The hornet stings you.
* * * LOW HITPOINT WARNING * * *
You hear a distant slurping noise.
The hornet stings you.
* * * LOW HITPOINT WARNING * * *
A phantom comes into view.
Found 23 bolts.
It was a potion of cancellation.
You feel magically purged.
Your magical contamination has completely faded away.
The hornet misses you.
It was a potion of might.
You feel very mighty all of a sudden. The hornet closely misses you.
The orc warrior hits you with a +0 short sword!
You die...

. . ). ..### #### ..#..
....( #...# ########...#
#..########...o.#..#.##
#$...........y@......#
#......#.#.#.#.#.#.#.#.#
#.##.#..........#.(.....
.. #...#.#.#...#.#.#.# .
###..........#....# .
#.#.#..W..#.#†.###
#................###
..#.......#.####...###
#### .......... ###...#
#...


You could see a hornet, an orc warrior and a phantom.

Vanquished Creatures
  A black bear (D:6)
  A scorpion (D:4)
  A water moccasin skeleton (D:5)
  A hound (D:6)
  Ijyb (D:4)
  Terence (D:2)
  An iguana (D:5)
  3 orc wizards (D:4)
  A howler monkey zombie (D:6)
  A gnoll (D:1)
  6 adders
  A white imp (D:5)
  A worm (D:3)
  2 dart slugs
  4 ball pythons
  2 endoplasms (D:1)
  2 goblins
  A hobgoblin (D:3)
  7 jackals (D:1)
  3 quokkas
  5 bats
  2 frilled lizards
  5 kobolds
  2 rats (D:1)
55 creatures vanquished.

Vanquished Creatures (others)
  Grinder (D:4)
  An ice beast (D:5)
  A phantom (D:4)
  A kobold brigand (D:5)
  The ghost of Dordric the Chopper, a weakling HOFi of Cheibriados (D:4)
  5 jellies
  3 hounds
  An orc priest (D:4)
  An iguana (D:4)
  Natasha (thrice) (D:2)
  An orc wizard (D:4)
  7 gnolls (D:4)
  3 adders
  An adder skeleton (D:4)
  2 worms
  An endoplasm (D:2)
  5 orcs
  2 bats (D:2)
  A giant cockroach (D:2)
  31 goblins
  26 hobgoblins (D:4)
  2 jackals (D:1)
  4 kobolds
  2 quokkas
  A ball python (D:1)
  A frilled lizard (D:1)
  A rat (D:3)
  305 foxfires
  2 withered plants (D:4)
416 creatures vanquished.

Grand Total: 471 creatures vanquished

Notes
Turn   | Place    | Note
-------+----------+-------------------------------------------
     0 | D:1      | robertstho the Djinni Fire Elementalist began the quest for
                  | the Orb.
     0 | D:1      | Reached XP level 1. HP: 15/15 MP: 0/0
   228 | D:1      | Reached XP level 2. HP: 17/21 MP: 0/0
   333 | D:1      | Reached skill level 3 in Spellcasting
   412 | D:1      | Reached XP level 3. HP: 22/25 MP: 0/0
   412 | D:1      | Learned a level 1 spell: Corona
   502 | D:1      | Found a faded altar of an unknown god.
   518 | D:1      | Became a worshipper of Jiyva Jateogav the Shapeless
   518 | D:1      | Reached * piety under Jiyva
  2009 | D:2      | Noticed Terence
  2042 | D:2      | Reached XP level 4. HP: 23/31 MP: 0/0
  2049 | D:2      | Killed Terence
  2382 | D:2      | Killed Natasha
  2441 | D:2      | Killed Natasha
  2488 | D:2      | Killed Natasha
  2595 | D:2      | Found a shadowy altar of Dithmenos.
  2831 | D:3      | Found a white marble altar of Elyvilon.
  2901 | D:3      | Reached XP level 5. HP: 30/35 MP: 0/0
  2901 | D:3      | Learned a level 2 spell: Poisonous Vapours
  3711 | D:4      | Noticed Ijyb
  3719 | D:4      | Killed Ijyb
  3772 | D:4      | Reached ** piety under Jiyva
  3800 | D:4      | Reached skill level 4 in Spellcasting
  3819 | D:4      | Reached XP level 6. HP: 32/40 MP: 0/0
  3901 | D:4      | Killed Grinder
  4028 | D:4      | Found a staircase to the Ecumenical Temple.
  4029 | D:4      | Reached *** piety under Jiyva
  4044 | Temple   | Entered the Ecumenical Temple
  4217 | D:4      | Gained mutation: Your translucent skin slightly reduces
                  | your foes' accuracy. (Stealth+) [Jiyva's grace]
  4357 | D:4      | Reached **** piety under Jiyva
  4357 | D:4      | Gained mutation: You are resistant to electric shocks.
                  | (rElec) [Jiyva's grace]
  4434 | D:4      | Found a snail-covered altar of Cheibriados.
  4466 | D:4      | Found a runed translucent door.
  4468 | D:4      | Noticed Dordric's ghost (weakling HOFi)
  4891 | D:4      | Killed Dordric's ghost
  4910 | D:5      | Entered Level 5 of the Dungeon
  4969 | D:5      | Killed an ice beast
  5081 | D:5      | Found Hongorej's Antique Weapon Shop.
  5660 | D:6      | Reached XP level 7. HP: 39/45 MP: 0/0
  5660 | D:6      | Learned a level 2 spell: Wereblood
  5682 | D:6      | Reached skill level 5 in Spellcasting
  5682 | D:6      | Noticed a hornet
  5698 | D:6      | Slain by an orc warrior

Illustrated notes

Levels and vault maps discovered:
D:1:      dpeg_arrival_boxorama, layout_basic,
          hellmonk_ecumenical_altar_pennies_from_heaven
D:2:      layout_loops_ring, basic_altar, corexii_leaking_fountain,
          uniq_natasha, uniq_terence
D:3:      layout_loops_corners, elyvilon_altar_5
D:4:      minmay_goblin_kobold_castle, layout_cave_pools, cheibriados_altar_1,
          minmay_temple_entry_ruins, gammafunk_ghost_grave,
          minmay_a_box_with_orc_wizards_in_it, uniq_ijyb, uniq_grinder
D:5:      layout_basic, serial_shops, nicolae_shop_window_shopping
D:6:      layout_rooms, grunt_temple_overflow_open,
          lemuel_mausoleum_altar_yredelemnul, serial_shops, shop,
          nicolae_ossuary_entry_catacombs, hangedman_decor_riveting,
          minmay_misc_feat_hallway, uniq_maggie
Temple:   nicolae_temple_figure_eight

Skill      XL: |  1  2  3  4  5  6  7 |
---------------+----------------------+-----
Spellcasting   | 3 4 5 |  5.0
Dodging        | 3 |  3.9
Stealth        | 2 3 |  3.0
Fighting       | |  0.7

Action                   |  1- 3 |  4- 6 |  7- 9 || total
-------------------------+-------+-------+-------++-------
Melee: Short sword       |     1 |       |       ||     1
 Cast: Foxfire           |    73 |   108 |     6 ||   187
       Sticky Flame      |       |     1 |     1 ||     2
  Use: Scroll            |       |     5 |       ||     5
       Potion            |       |       |     2 ||     2
Armor: Robe              |    10 |     4 |     3 ||    17
Dodge: Dodged            |    27 |    11 |     8 ||    46

Table legend: (Time is in decaauts)
 A = Elapsed time spent in this place.
 B = Non-inter-level travel time spent in this place.
 C = Inter-level travel time spent in this place.
 D = Time resting spent in this place.
 E = Time spent auto-exploring this place.
 F = Levels seen in this place.
 G = Mean time per level.
                   A        B        C        D        E       F      G
               +--------+--------+--------+--------+--------+-----+--------+
         Total |   5696 |   5558 |    138 |    250 |   4766 |   7 |  813.7 |
       Dungeon |   5565 |   5440 |    125 |    250 |   4650 |   6 |  927.5 |
        Temple |    130 |    117 |     13 |      0 |    116 |   1 |  130.0 |
               +--------+--------+--------+--------+--------+-----+--------+

Top non-repeatable levels by time:
     D:1: 1716 daAuts
     D:4: 1147 daAuts
     D:2: 1040 daAuts
     D:3: 873 daAuts
     D:5: 687 daAuts
  Temple: 130 daAuts
     D:6: 99 daAuts
